 Dungeon Crawl Stone Soup version 0.28.0 (webtiles) character file.

Game seed: 16943349078388811005

148774 browni3141 the Tortoise (level 17, 0/125 HPs)
             Began as a Barachi Abyssal Knight on Feb 5, 2022.
             Was an Elder of Lugonu.
             Killed from afar by a fenstrider witch (2 damage)
             ... with a toxic sludge
             ... while paralysed by a fenstrider witch
             ... on level 4 of the Swamp.
             The game lasted 01:44:04 (45955 turns).

browni3141 the Tortoise (Barachi Abyssal Knight)   Turns: 45955, Time: 01:44:08

Health: 0/125      AC: 30    Str: 25    XL:     17   Next: 49%
Magic:  29/29      EV:  2    Int: 17    God:    Lugonu [****..]
Gold:   1294       SH:  0    Dex: 13    Spells: 15/16 levels left

rFire   + + .      SeeInvis .   a - +8 double sword (vorpal)
rCold   + . .      Faith    +   L - +6 tower shield {rF+}
rNeg    + + .      Spirit   .   R - +10 plate armour {ponderous}
rPois   .          Reflect  .   (no helmet)
rElec   .          Harm     .   e - scarf {rC+ rF+}
rCorr   +          Rampage  .   A - +0 pair of gloves
Will    ++...                   C - +0 pair of boots
Stlth   ..........              O - amulet of faith
HPRegen 0.30/turn               t - ring "Dupiapn" {rN++ rCorr Str+3 Int+6 Stlth+}
MPRegen 0.21/turn               U - ring of willpower

@: paralysed, lethally poisoned (0 -> -64), studying Dodging, very slow
A: amphibious, slowness 1, strong legs 2, +LOS
a: Hop, Renounce Religion, Depart the Abyss, Bend Space, Banish, Corrupt


You were on level 4 of the Swamp.
You worshipped Lugonu.
Lugonu was greatly pleased with you.
You visited 6 branches of the dungeon, and saw 27 of its levels.
You visited the Abyss 1 time.

You collected 3162 gold pieces.
You spent 1868 gold pieces at shops.

Inventory:

Hand Weapons
 a - a +8 vorpal double sword (weapon)
Missiles
 f - 13 boomerangs (quivered)
 g - 5 datura-tipped darts
 j - 15 silver javelins
 x - 3 throwing nets
 Q - 2 curare-tipped darts
 Y - 10 poisoned darts
Armour
 e - a scarf of resistance (worn)
 A - a +0 pair of gloves (worn)
 C - a +0 pair of boots (worn)
 L - a +6 tower shield of fire resistance (worn)
 R - a +10 plate armour of ponderousness (worn)
Jewellery
 r - a ring of see invisible
 t - the ring "Dupiapn" (left hand) {rN++ rCorr Str+3 Int+6 Stlth+}
   (You found it on level 4 of the Snake Pit)

   [ring of intelligence]

   Str:       It affects your strength (+3).
   Int:       It affects your intelligence (+6).
   rN:        It greatly protects you from negative energy.
   rCorr:     It protects you from acid and corrosion.
   Stlth:     It makes you more stealthy.
 z - a ring of flight
 H - a ring of wizardry
 K - a +6 ring of dexterity
 M - a ring of poison resistance
 O - an amulet of faith (around neck)
 T - a ring of fire
 U - a ring of willpower (right hand)
 X - a +6 ring of intelligence
Wands
 d - a wand of paralysis (9)
 q - a wand of charming (3)
 s - a wand of flame (39)
 F - a wand of iceblast (7)
 W - a wand of digging (1)
Scrolls
 i - 5 scrolls of fog
 l - 2 scrolls of immolation
 m - 18 scrolls of teleportation
 v - 4 scrolls of fear
 y - 2 scrolls of magic mapping
 B - a scroll of silence
 G - 5 scrolls of noise
 J - a scroll of holy word
 N - a scroll of blinking
 S - 4 scrolls of vulnerability
Potions
 c - 3 potions of brilliance
 k - 8 potions of curing
 n - 2 potions of heal wounds
 o - 2 potions of ambrosia
 p - a potion of magic
 u - 3 potions of flight
 w - a potion of mutation
 E - 3 potions of haste
 I - 5 potions of invisibility
 P - a potion of lignification
 V - 6 potions of attraction
 Z - 2 potions of resistance
Miscellaneous
 h - a lightning rod (4/4)


   Skills:
 + Level 9.1 Fighting
 - Level 16.0 Long Blades
 + Level 7.6 Throwing
 - Level 16.0 Armour
 + Level 7.8 Dodging
 * Level 14.9 Shields
 - Level 16.0 Invocations
 + Level 3.1 Evocations


You had 15 spell levels left.
You knew the following spells:

 Your Spells              Type           Power      Damage    Failure   Level
a - Apportation           Tloc           0%         N/A       99%         1

Your spell library contained the following spells:

 Spells                   Type           Power      Damage    Failure   Level
 Animate Skeleton         Necr           0%         N/A       99%         1
 Magic Dart               Conj           0%         1d3       99%         1
 Pain                     Necr           0%         1d4       99%         1
 Sting                    Tmut/Pois      0%         1d3       99%         1
 Summon Small Mammal      Summ           0%         N/A       99%         1
 Call Imp                 Summ           0%         N/A       100%        2
 Corpse Rot               Necr/Air       0%         N/A       100%        2
 Ensorcelled Hibernation  Hex/Ice        0%         N/A       100%        2
 Passwall                 Tmut/Erth      0%         N/A       100%        2
 Poisonous Vapours        Pois/Air       0%         N/A       100%        2
 Sublimation of Blood     Necr           0%         N/A       100%        2
 Wereblood                Tmut           0%         N/A       100%        2
 Call Canine Familiar     Summ           0%         N/A       100%        3
 Frozen Ramparts          Ice            0%         1d2       100%        3
 Inner Flame              Hex/Fire       0%         N/A       100%        3
 Mephitic Cloud           Conj/Pois/Air  0%         N/A       100%        3
 Portal Projectile        Hex/Tloc       0%         N/A       100%        3
 Summon Guardian Golem    Hex/Summ       0%         N/A       100%        3
 Swiftness                Air            0%         N/A       100%        3
 Tukima's Dance           Hex            0%         N/A       100%        3
 Vampiric Draining        Necr           0%         2d6       100%        3
 Animate Armour           Summ/Erth      0%         N/A       100%        4
 Animate Dead             Necr           0%         N/A       100%        4
 Cause Fear               Hex            0%         N/A       100%        4
 Ice Form                 Ice/Tmut       0%         N/A       100%        4
 Leda's Liquefaction      Hex/Erth       0%         N/A       100%        4
 Passage of Golubria      Tloc           0%         N/A       100%        4
 Petrify                  Tmut/Erth      0%         N/A       100%        4
 Summon Ice Beast         Ice/Summ       0%         N/A       100%        4
 Blade Hands              Tmut           0%         N/A       100%        5
 Borgnjor's Vile Clutch   Necr/Erth      0%         N/A       100%        5
 Irradiate                Conj/Tmut      0%         3d13      100%        5
 Yara's Violent Unravell  Hex/Tmut       0%         3d3       100%        5
 Death Channel            Necr           0%         N/A       100%        6
 Iron Shot                Conj/Erth      0%         9d1       100%        6
 Dragon Form              Tmut           0%         N/A       100%        7
 Summon Hydra             Summ           0%         N/A       100%        7
 Discord                  Hex            0%         N/A       100%        8


Dungeon Overview and Level Annotations

Branches:
Dungeon (10/15)            Temple (1/1) D:6            Lair (6/6) D:8
  Swamp (4/4) Lair:2        Snake (4/4) Lair:3        Slime (0/5) Lair:6
    Orc (2/2) D:9             Elf (0/3) Orc:2

Altars:
Ashenzari
Dithmenos
Gozag
Hepliaklqana
Kikubaaqudgha
Makhleb
Nemelex Xobeh
Ru
Sif Muna
Vehumet
Xom
Beogh

Shops:
D:8 !   Orc:2 ?:=*   Snake:1 !   Snake:4 *

Annotations:
D:7 exclusion: downstairs
Lair:3 1 runed translucent door, Dikli's ghost, journeyman MiBe
Lair:6 3 runed translucent doors, aaron's ghost, journeyman HOFi
Orc:2 corrupted
Abyss:1 Fannar; Maggie; Pikel; Psyche; Snorg; Urug


Innate Abilities, Weirdness & Mutations

You are amphibious.
You cover ground slowly.
You can hop long distances.
You have an extended range of vision and can be seen from far away.


Message History

You are more poisoned.
You feel extremely sick.
The foxfire hits you but does no damage.
The foxfire hits you. You resist.
The fenstrider witch gestures at you while chanting.
You suddenly lose the ability to move!
You fester in the toxic bog!
You are more poisoned.
You feel extremely sick. The fenstrider witch hits you.
The fenstrider witch kicks you but does no damage.
You feel extremely sick.
The fenstrider witch is engulfed in a cloud of scalding steam.
The fenstrider witch hits you! The fenstrider witch kicks you!
* * * LOW HITPOINT WARNING * * *
The will-o-the-wisp gestures.
The will-o-the-wisp conjures some foxfire! 2 foxfires come into view.
You feel extremely sick.
The foxfire hits you but does no damage.
The foxfire hits you. You resist.
* * * LOW HITPOINT WARNING * * *
The fenstrider witch is engulfed in a cloud of scalding steam.
The fenstrider witch casts a spell at you.
The toxic sludge hits you but does no damage.
You are lethally poisoned!
Floosh!
The will-o-the-wisp engulfs you but does no damage.
The fenstrider witch is engulfed in a cloud of scalding steam.
The fenstrider witch hits you but does no damage.
The fenstrider witch kicks you!
* * * LOW HITPOINT WARNING * * *
You fester in the toxic bog!
You are more poisoned.
* * * LOW HITPOINT WARNING * * *
x2 You feel extremely sick.
The fenstrider witch gestures at you while chanting.
The toxic sludge hits you.
You are more poisoned.
You die...

.♣ ♣.♣≈§≈≈≈§.♣♣♣♣♣ ..≈
♣.♣ ♣.≈≈≈≈.≈≈.♣≈≈ ≈≈.§
♣♣≈♣ ♣.≈≈§.≈≈≈≈♣♣ ≈§§≈
..♣.♣♣.≈§≈≈≈≈.≈≈ ≈≈≈≈≈
♣..≈≈≈≈≈≈≈≈≈.♣♣♣.≈≈≈≈≈≈≈
♣♣≈≈≈≈≈..≈≈≈...♣≈..≈≈§≈≈
♣.≈≈≈≈≈≈§§.....H...≈≈≈≈≈
..♣.≈≈≈≈†v§♣.≈..≈.≈≈≈§≈≈§
..≈<≈≈≈§@H§♣≈...≈≈≈≈≈≈≈≈≈
≈≈≈.≈..≈≈§≈.♣♣♣..≈≈≈≈≈≈≈≈
..♣.≈≈♣♣♣§≈.♣♣♣≈≈≈≈≈≈§≈≈.
...♣. ♣♣♣♣♣♣.≈≈≈≈§≈§≈≈.
♣≈ ♣ ♣≈.≈.?♣♣§.♣
♣♣♣.<♣v§♣♣♣ ♣♣≈vv.≈♣
♣.v≈v§≈♣ ♣≈≈≈≈≈§≈.≈♣


You could see a fenstrider witch (corroded) and a will-o-the-wisp.

Vanquished Creatures
  A tentacled monstrosity (Swamp:2)
  A fenstrider witch (Swamp:1)
  5 nagarajas
  Aizul (Snake:1)
  7 bunyips
  Harold (D:7)
  A salamander tyrant (Snake:4)
  11 naga warriors
  An ogre mage (Orc:2)
  A spriggan air mage (Swamp:2)
  A catoblepas (Lair:2)
  2 two-headed ogres
  10 anacondas
  A ghost crab (Swamp:1)
  3 alligators
  13 naga sharpshooters
  A shock serpent (Snake:3)
  3 salamander mystics
  3 bog bodies
  3 goliath frogs
  2 spriggan druids
  3 swamp dragons
  3 naga ritualists
  4 will-o-the-wisps
  10 salamanders
  An ugly thing (D:10)
  8 mana vipers
  33 black mambas
  19 elephants
  3 guardian serpents
  3 torpor snails
  20 naga magi
  11 cane toads
  8 komodo dragons
  9 polar bears
  4 trolls
  Prince Ribbit (D:7)
  17 hornets
  6 blink frogs
  9 tyrant leeches
  3 raiju (Lair:6)
  11 dream sheep
  11 spriggans
  3 wyverns
  4 yaks (Lair:1)
  A wraith (D:9)
  5 basilisks
  4 vampire mosquitoes
  4 wargs (Lair:6)
  10 swamp worms
  The ghost of willcat the Sneak, an amateur KoDe of Okawaru (D:6)
  48 nagas
  13 hell hounds (Lair:6)
  25 water moccasins
  14 orc warriors
  14 black bears
  2 ice beasts
  A sky beast (D:7)
  2 centaurs
  9 ogres
  25 wolves
  2 kobold brigands (D:9)
  9 bullfrogs
  A wyvern zombie (D:8)
  4 scorpions
  2 gnoll sergeants (D:6)
  A wyvern skeleton (D:7)
  5 killer bees (D:6)
  2 electric eels
  10 wights
  2 howler monkeys (D:7)
  A centaur zombie (D:9)
  5 quasits (D:6)
  11 jellies
  2 centaur skeletons
  A bullfrog skeleton (D:7)
  2 gnoll shamans
  15 orc priests
  5 iguanas
  7 orc wizards
  3 killer bee zombies
  2 hound skeletons (D:5)
  28 gnolls
  2 howler monkey zombies (D:9)
  7 adders
  2 river rats (D:5)
  A shadow imp (D:6)
  14 white imps
  An adder skeleton (D:4)
  2 worms
  5 dart slugs
  63 orcs
  9 ball pythons
  12 endoplasms
  10 giant cockroaches
  7 goblins
  9 hobgoblins
  5 jackals (D:2)
  6 quokkas
  3 bats
  4 frilled lizards
  18 kobolds
  7 rats
  A butterfly (Lair:2)
762 creatures vanquished.

Vanquished Creatures (others)
  Saint Roka (Orc:2)
  3 ogre magi (Orc:2)
  12 two-headed ogres (Orc:2)
  A cyclops (Orc:2)
  A black mamba (Snake:4)
  A warg (Orc:2)
  2 orc warriors (Orc:2)
  19 ogres (Orc:2)
  2 orc priests
  An orc wizard (Orc:2)
  A gnoll (D:7)
  4 orcs (Orc:2)
  31 foxfires
  10 fungi
  78 plants
167 creatures vanquished.

Grand Total: 929 creatures vanquished

Notes
Turn   | Place    | Note
-------+----------+-------------------------------------------
     0 | Abyss:1  | browni3141 the Barachi Abyssal Knight began the quest for
                  | the Orb.
     0 | Abyss:1  | Reached XP level 1. HP: 18/18 MP: 2/2
     0 | D:1      | Escaped the Abyss
    91 | D:1      | Reached XP level 2. HP: 20/24 MP: 3/3
   322 | D:1      | Reached * piety under Lugonu
   330 | D:1      | Reached XP level 3. HP: 21/29 MP: 4/4
  1313 | D:2      | Found a shimmering altar of Xom.
  1328 | D:2      | Reached skill level 5 in Long Blades
  1328 | D:2      | Reached XP level 4. HP: 14/36 MP: 5/5
  1801 | D:2      | Found a faded altar of an unknown god.
  1895 | D:2      | Reached ** piety under Lugonu
  2553 | D:3      | Found a shadowy altar of Dithmenos.
  2622 | D:3      | Identified the +7 dagger of Taxation {venom, Int+4}
  2728 | D:3      | Reached XP level 5. HP: 41/41 MP: 6/6
  2815 | D:3      | Reached skill level 1 in Throwing
  3534 | D:4      | Noticed an ogre
  3558 | D:4      | Killed an ogre
  3559 | D:4      | Reached XP level 6. HP: 30/47 MP: 7/7
  3862 | D:4      | Found a sacrificial altar of Ru.
  4387 | D:4      | Found a shimmering blue altar of Sif Muna.
  4403 | D:4      | Found an ancient bone altar of Kikubaaqudgha.
  4405 | D:4      | Found a radiant altar of Vehumet.
  4410 | D:4      | Got Sif Muna's Papyrus of Transmigration
  4467 | D:5      | Entered Level 5 of the Dungeon
  4519 | D:5      | Reached *** piety under Lugonu
  4533 | D:5      | Reached XP level 7. HP: 26/51 MP: 8/8
  4684 | D:4      | Reached skill level 5 in Armour
  5460 | D:5      | Reached skill level 5 in Throwing
  5759 | D:5      | Reached XP level 8. HP: 47/59 MP: 9/9
  6291 | D:6      | Found a transporter.
  6319 | D:6      | Found a transporter.
  6322 | D:6      | Noticed willcat's ghost (amateur KoDe)
  6544 | D:6      | Found a staircase to the Ecumenical Temple.
  6550 | D:6      | Identified the +4 scale mail "Ucostay" {*Corrode rElec
                  | Regen+}
  6630 | Temple   | Entered the Ecumenical Temple
  6687 | D:6      | Reached **** piety under Lugonu
  7184 | D:6      | Reached skill level 5 in Invocations
  7432 | D:6      | Reached XP level 9. HP: 64/64 MP: 11/13
  7456 | D:6      | Killed willcat's ghost
  7589 | D:7      | Noticed Maggie
  7718 | D:7      | Banished Maggie
  7781 | D:7      | Noticed Pikel
  7783 | D:7      | Banished Pikel
  7949 | D:7      | Found a broken altar of Ashenzari.
  7999 | D:7      | Found an opulent altar of Gozag.
  8183 | D:7      | Found a shimmering altar of Xom.
  8223 | D:7      | Reached XP level 10. HP: 70/70 MP: 15/17
  8882 | D:8      | Noticed Prince Ribbit
  8883 | D:8      | Noticed Psyche
  8912 | D:7      | Killed Prince Ribbit
  9043 | D:8      | Noticed Harold
  9082 | D:7      | Reached skill level 10 in Invocations
  9122 | D:8      | Noticed a two-headed ogre
  9269 | D:8      | Banished Psyche
  9318 | D:7      | Killed Harold
  9642 | D:7      | Reached skill level 5 in Fighting
  9733 | D:8      | Found Sockim's Distillery.
  9762 | D:8      | Killed a two-headed ogre
  9789 | D:8      | Bought a potion of curing for 39 gold pieces
  9834 | D:8      | Found a hazy altar of Hepliaklqana.
  9835 | D:8      | Identified a scroll of acquirement
  9947 | D:8      | Found a staircase to the Lair.
 10311 | D:9      | Found a burning altar of Makhleb.
 10472 | D:9      | Reached XP level 11. HP: 33/81 MP: 18/18
 10478 | D:9      | Reached ***** piety under Lugonu
 10580 | D:9      | Reached skill level 10 in Long Blades
 10650 | D:9      | Found a staircase to the Orcish Mines.
 11269 | D:10     | Entered Level 10 of the Dungeon
 11362 | D:10     | Noticed a purple ugly thing
 11362 | D:10     | Noticed a cyclops
 11371 | D:10     | Noticed a tengu warrior
 11378 | D:10     | Killed a purple ugly thing
 11383 | D:10     | Banished a cyclops
 11521 | Orc:1    | Entered Level 1 of the Orcish Mines
 11954 | Orc:2    | Entered Level 2 of the Orcish Mines
 11960 | Orc:2    | Noticed an orc sorcerer
 12356 | Orc:2    | Banished an orc sorcerer
 12444 | Orc:2    | Found a staircase to the Elven Halls.
 12684 | Orc:2    | Noticed a two-headed ogre
 12718 | Orc:2    | Killed a two-headed ogre
 12814 | Orc:2    | Noticed Saint Roka
 12816 | Orc:2    | Corrupted Orc:2
 12816 | Orc:2    | Noticed a large abomination
 12816 | Orc:2    | Noticed a large abomination
 12816 | Orc:2    | Noticed a worldbinder
 12828 | Orc:2    | Killed Saint Roka
 12840 | Orc:2    | Killed a two-headed ogre
 12851 | Orc:2    | Killed a two-headed ogre
 12863 | Orc:2    | Killed an ogre mage
 12866 | Orc:2    | Killed an ogre mage
 12867 | Orc:2    | Killed a two-headed ogre
 12868 | Orc:2    | Killed a cyclops
 12872 | Orc:2    | Killed a two-headed ogre
 12873 | Orc:2    | Killed a two-headed ogre
 12884 | Orc:2    | Killed a two-headed ogre
 12890 | Orc:2    | Killed a two-headed ogre
 12893 | Orc:2    | Killed a two-headed ogre
 12898 | Orc:2    | Killed a two-headed ogre
 12901 | Orc:2    | Killed a two-headed ogre
 12901 | Orc:2    | Killed a two-headed ogre
 12906 | Orc:2    | Killed an ogre mage
 12907 | Orc:2    | Killed a two-headed ogre
 12964 | Orc:2    | Noticed an ogre mage
 13006 | Orc:2    | Killed an ogre mage
 13146 | Orc:2    | Found Eqiuc's Book Shop.
 13146 | Orc:2    | Found Wach's General Store.
 13147 | Orc:2    | Found Niaperi's Magic Scroll Emporium.
 13147 | Orc:2    | Found Evecar's Jewellery Shop.
 13169 | Orc:2    | Bought a potion of heal wounds for 75 gold pieces
 13169 | Orc:2    | Bought a scroll of identify for 30 gold pieces
 13420 | Orc:2    | Bought a scroll of teleportation for 42 gold pieces
 13420 | Orc:2    | Bought a scroll of vulnerability for 105 gold pieces
 13420 | Orc:2    | Bought a scroll of fear for 49 gold pieces
 13420 | Orc:2    | Bought a scroll of enchant weapon for 105 gold pieces
 13420 | Orc:2    | Bought a scroll of teleportation for 42 gold pieces
 13422 | Orc:2    | Bought a ring of willpower for 350 gold pieces
 13480 | Orc:1    | Noticed an orc sorcerer
 13542 | Orc:2    | Reached XP level 12. HP: 88/88 MP: 19/19
 13804 | Lair:1   | Entered Level 1 of the Lair of Beasts
 14638 | Lair:1   | Noticed Fannar
 14640 | Lair:1   | Banished Fannar
 14976 | Lair:2   | Noticed a five-headed hydra
 14979 | Lair:2   | Banished a five-headed hydra
 14979 | Lair:2   | Noticed a five-headed hydra
 14981 | Lair:2   | Banished a five-headed hydra
 15107 | Lair:2   | Reached skill level 10 in Armour
 15202 | Lair:2   | Noticed a six-headed hydra
 15207 | Lair:2   | Banished a six-headed hydra
 15784 | Lair:2   | Noticed a catoblepas
 15800 | Lair:2   | Killed a catoblepas
 15825 | Lair:2   | Found a staircase to the Swamp.
 16364 | Lair:3   | Found a runed translucent door.
 16364 | Lair:3   | Found a shimmering altar of Xom.
 16364 | Lair:3   | Noticed Dikli's ghost (journeyman MiBe)
 16678 | Lair:3   | Found a staircase to the Snake Pit.
 17013 | Lair:3   | Noticed Urug
 17018 | Lair:3   | Noticed Urug
 17018 | Lair:3   | Urug changed into Urug the swamp dragon
 17025 | Lair:3   | Banished Urug the swamp dragon
 17333 | Lair:3   | Noticed a four-headed hydra
 17336 | Lair:3   | Banished a four-headed hydra
 17476 | Lair:3   | Gained mutation: You can hop long distances. [Barachi
                  | growth]
 17476 | Lair:3   | Reached XP level 13. HP: 40/93 MP: 17/22
 21496 | Lair:5   | Noticed Snorg
 21497 | Lair:5   | Banished Snorg
 21986 | Lair:6   | Entered Level 6 of the Lair of Beasts
 22438 | Lair:5   | Reached XP level 14. HP: 73/100 MP: 19/24
 23058 | Lair:6   | Reached skill level 15 in Armour
 24058 | Lair:6   | Found a staircase to the Slime Pits.
 24195 | Lair:6   | Identified the +11 shortbow of Causality {vorpal, Contam
                  | Will+ rCorr}
 25646 | Lair:6   | Found a runed translucent door.
 25816 | Lair:6   | Reached skill level 5 in Dodging
 25820 | Lair:6   | Reached skill level 15 in Invocations
 27042 | Lair:6   | Found a large runed translucent door.
 27042 | Lair:6   | Found a large runed translucent door.
 27049 | Lair:6   | Noticed aaron's ghost (journeyman HOFi)
 27362 | Snake:1  | Entered Level 1 of the Snake Pit
 27393 | Snake:1  | Found Purchip's Distillery.
 27394 | Snake:1  | Noticed Aizul
 27423 | Snake:1  | Killed Aizul
 27454 | Snake:1  | Reached XP level 15. HP: 42/109 MP: 24/26
 29502 | Snake:1  | Bought a potion of curing for 48 gold pieces
 29502 | Snake:1  | Bought 2 potions of resistance for 320 gold pieces
 29502 | Snake:1  | Bought a potion of curing for 48 gold pieces
 29502 | Snake:1  | Bought a potion of heal wounds for 80 gold pieces
 29502 | Snake:1  | Bought a potion of might for 64 gold pieces
 29502 | Snake:1  | Bought a potion of heal wounds for 80 gold pieces
 29502 | Snake:1  | Bought a potion of invisibility for 128 gold pieces
 29502 | Snake:1  | Bought a potion of invisibility for 128 gold pieces
 30882 | Snake:1  | Reached skill level 1 in Evocations
 31200 | Snake:1  | Acquired 603 gold pieces
 31202 | Snake:1  | Acquired a manual of Dodging
 31433 | Snake:2  | Noticed a nagaraja
 32079 | Snake:2  | Reached skill level 1 in Shields
 32253 | Snake:2  | You fall into a shaft and drop 1 floor!
 32253 | Snake:3  | Noticed a nagaraja
 32294 | Snake:3  | Killed a nagaraja
 32942 | Snake:3  | Reached skill level 5 in Shields
 33372 | Snake:2  | Killed a nagaraja
 34057 | Snake:2  | Noticed a nagaraja
 34079 | Snake:2  | Killed a nagaraja
 34088 | Snake:2  | HP: 4/112 [constriction (4)]
 34093 | Snake:2  | Reached XP level 16. HP: 32/119 MP: 27/27
 35667 | Snake:3  | Identified the +1 leather armour of the Sailor {Str+6}
 36029 | Snake:4  | Entered Level 4 of the Snake Pit
 37634 | Snake:4  | Found Ravycw's Assorted Antiques.
 37642 | Snake:4  | Bought a scroll of vulnerability for 135 gold pieces
 38020 | Snake:3  | Reached skill level 15 in Long Blades
 38026 | Snake:3  | Reached skill level 10 in Shields
 39181 | Snake:4  | Noticed a nagaraja
 39453 | Snake:4  | Killed a nagaraja
 40300 | Snake:4  | Noticed a nagaraja
 40331 | Snake:4  | Killed a nagaraja
 40391 | Snake:4  | Identified the ring "Dupiapn" {rN++ rCorr Str+3 Int+6
                  | Stlth+}
 40408 | Snake:4  | Noticed a nagaraja
 40421 | Snake:4  | Noticed a quicksilver dragon
 40485 | Snake:4  | Noticed a nagaraja
 40837 | Snake:4  | Noticed a quicksilver dragon
 41165 | Swamp:1  | Entered Level 1 of the Swamp
 41343 | Swamp:1  | Identified the ring "Learox" {rC+ rCorr Int+4 Dex-3}
 41860 | Swamp:2  | Noticed a fenstrider witch
 41871 | Swamp:1  | Killed a fenstrider witch
 42348 | Swamp:2  | Noticed a tentacled monstrosity
 42376 | Swamp:2  | Reached XP level 17. HP: 90/124 MP: 28/28
 43033 | Swamp:2  | Killed a tentacled monstrosity
 45278 | Swamp:3  | Learned a level 1 spell: Apportation
 45344 | Swamp:3  | Identified the +0 hand crossbow "Peegas" {elec, rPois}
 45559 | Swamp:4  | Entered Level 4 of the Swamp
 45951 | Swamp:4  | Paralysed by a fenstrider witch for 7 turns
 45955 | Swamp:4  | HP: 2/125 [poison]
 45955 | Swamp:4  | Killed from afar by a fenstrider witch

Illustrated notes

Levels and vault maps discovered:
D:1:      zaba_arrival_water, layout_basic
D:2:      wad_woods_stonehenge, layout_loops_ring,
          hellmonk_ecumenical_altar_zigzags
D:3:      minmay_inner_zag, layout_loops_ring,
          mainiacjoe_overflow_small_starburst
D:4:      layout_loops_ring, grunt_temple_overflow_magic_moments,
          mainiacjoe_overflow_chevrons
D:5:      layout_gridville, gup_sewer_entry_bubbles, corexii_checkpoint_a
D:6:      layout_basic, minmay_temple_entry_offerings,
          gammafunk_ghost_stat_death, st_stairs_8
D:7:      layout_basic, mainiacjoe_overflow_24_doors, lemuel_doored_altar,
          mainiacjoe_overflow_surrounded_room, serial_bayou_ford_a, uniq_pikel,
          uniq_maggie
D:8:      layout_cave_pools, lemuel_tele_altar, lair_entry_dummy, serial_shops,
          nicolae_shop_hallway_plus, uniq_harold, uniq_prince_ribbit1,
          uniq_psyche
D:9:      corexii_shack_village, layout_irregular_city, marbit_many_paths,
          david_orc_5
D:10:     layout_irregular_city, mainiacjoe_overflow_catwalk, enter_bailey_5,
          minmay_the_grid_2x2 [minmay_the_grid_dragon_a, minmay_the_grid_rooms,
          minmay_the_grid_paths, minmay_the_grid_prize_four_corners_diamond_a]
Temple:   jpeg_temple_clearing
Lair:1:   layout_gridlike, uniq_fannar
Lair:2:   layout_gridlike, swamp_mist_pool, portal_ice_cave_entry_imps,
          lemuel_fruit_fields, serial_bayou_shore_b
Lair:3:   layout_layer_cave, guppyfry_snake_entry_island, ebering_ghost_xom,
          serial_bayou_shore_a, uniq_urug
Lair:4:   layout_roguey, chequers_serial_rivers_small_3
Lair:5:   layout_hall_layers, chequers_serial_rivers_marsh, uniq_snorg
Lair:6:   wormcave, layout_hall_layers, hangedman_lair_caniforms_friends,
          minmay_slime_entry_jelly_boxes, ebering_ghost_disaster_area,
          grunt_megastairs_4
Swamp:1:  layout_basic_swamp, evilmike_swamp_ruin_rubble_1
Swamp:2:  layout_basic_swamp, evilmike_swamp_ruin_house_1
Swamp:3:  layout_basic_swamp, hangedman_swamp_cone, nzn_swamp_stair_ambush
Swamp:4:  swamp_vile, layout_basic_swamp, swamp_pool2,
          nicolae_swamp_dense_foliage
Snake:1:  cheibrodos_forgotten_conduit, layout_layer_cave, serial_shops,
          shop_statue, lemuel_fruit_tree, uniq_aizul
Snake:2:  layout_rooms, special_room
Snake:3:  layout_concentric_octagons
Snake:4:  hellmonk_snake_rune_quicksilver_temple, layout_rooms, serial_shops,
          nicolae_shop_temple_entry_statues_fountains
Orc:1:    layout_caves
Orc:2:    st_orc_ogre_mass, layout_diamond_mine, uniq_saint_roka

Skill      XL: |  1  2  3  4  5  6  7  8  9 10 11 12 13 14 15 16 17 |
---------------+----------------------------------------------------+-----
Long Blades    | 3 4 5 6 9 14 16 | 16.0
Throwing       | 2 3 5 6 7 |  7.6
Armour         | 3 4 6 8 11 14 16 | 16.0
Invocations    | 2 5 9 10 12 14 15 16 | 16.0
Fighting       | 6 7 8 9 |  9.1
Dodging        | 4 5 7 |  7.8
Evocations     | 2 3 |  3.1
Shields        | 7 12 14 | 14.9

Action                   |  1- 3 |  4- 6 |  7- 9 | 10-12 | 13-15 | 16-18 || total
-------------------------+-------+-------+-------+-------+-------+-------++-------
Melee: Falchion          |    93 |    76 |    15 |       |       |       ||   184
       Punch             |     1 |     1 |     2 |    22 |    17 |       ||    43
       Dagger            |       |    91 |   272 |   418 |    37 |       ||   818
       Scimitar          |       |       |    53 |   398 |       |       ||   451
       Double sword      |       |       |       |    22 |  1107 |   846 ||  1975
Throw: Boomerang         |       |     4 |     8 |    24 |    49 |    82 ||   167
       Dart              |       |       |       |     2 |       |       ||     2
       Throwing net      |       |       |       |     1 |       |       ||     1
Invok: Depart the Abyss  |     1 |       |       |       |       |       ||     1
       Bend Space        |       |     1 |     2 |     2 |     1 |       ||     6
       Banish            |       |       |     2 |    28 |    35 |    18 ||    83
       Corrupt           |       |       |       |     1 |       |       ||     1
 Abil: Hop               |       |     1 |     4 |    13 |     8 |     7 ||    33
Evoke: Wand              |       |     7 |    17 |    11 |    11 |     4 ||    50
  Use: Potion            |     2 |       |       |     3 |    20 |       ||    25
       Scroll            |       |       |       |    19 |    18 |     9 ||    46
Armor: Leather armour    |     8 |       |       |       |       |       ||     8
       Ring mail         |     6 |       |       |       |       |       ||     6
       Scale mail        |    17 |    29 |   153 |       |       |       ||   199
       Plate armour      |       |    50 |    85 |   201 |   996 |   367 ||  1699
       Quicksilver drago |       |       |    44 |   219 |       |       ||   263
Dodge: Dodged            |    35 |    45 |   209 |   455 |   547 |   167 ||  1458
Block: Kite shield       |       |       |       |       |    44 |    15 ||    59
       Tower shield      |       |       |       |       |       |   925 ||   925
